 Dungeon Crawl Stone Soup version 0.29.0-4-gdea44cf6ec (webtiles) character file.

Game seed: 9311783627934228717

1796 qw the Cleaver (level 8, -4/57 (61) HPs)
             Began as a Demonspawn Cinder Acolyte on Sept 9, 2022.
             Was a Believer of Ignis.
             Slain by a wight
             ... wielding a +0 great sword
              (8 damage)
             ... on level 7 of the Dungeon.
             The game lasted 00:02:01 (7860 turns).

qw the Cleaver (Demonspawn Cinder Acolyte)          Turns: 7860, Time: 00:02:01

HP:   -4/57 (61)    AC: 34    Str: 16    XL:     8   Next: 83%
MP:   9/9           EV:  1    Int: 16    God:    Ignis [**....]
Gold: 410           SH:  0    Dex:  9    Spells: 9/9 levels left

rFire   + . .      SeeInvis .   e - +0 war axe (vamp)
rCold   . . .      Faith    .   (no shield)
rNeg    . . .      Spirit   .   n - +0 crystal plate armour
rPois   .          Reflect  .   (no helmet)
rElec   .          Harm     .   (no cloak)
rCorr   +          Rampage  .   (no gloves)
Will    .....                   i - +0 pair of boots
Stlth   ..........              (no amulet)
HPRegen 0.19/turn               d - ring of resist corrosion
MPRegen 0.11/turn               (no ring)

@: about to teleport, sanguine armoured, fiery-armoured, drained
A: powered by death 1, sanguine armour 2, weakness stinger 1
a: Renounce Religion, Fiery Armour, Foxfire Swarm, Rising Flame


You were on level 7 of the Dungeon.
You worshipped Ignis.
Ignis was pleased with you.
You visited 1 branch of the dungeon, and saw 7 of its levels.

You collected 410 gold pieces.


Innate Abilities, Weirdness & Mutations

You regenerate a little health from kills.
When seriously injured, your blood forms thick armour. (AC +9)
You have a small tail.


   Skills:
 + Level 4.8 Fighting
 - Level 8.2 Axes
 - Level 2.4 Throwing
 - Level 5.1 Armour
 - Level 1.0 Dodging
 - Level 1.0 Spellcasting
 - Level 2.6 Fire Magic


You had 9 spell levels left.
You didn't know any spells.
Your spell library contained the following spells:

 Spells                   Type           Power      Damage    Failure   Level
 Scorch                   Fire           18%        2d5       100%        2

Inventory:

Hand Weapons
 e - a +0 vampiric war axe (weapon)
 p - a +0 hand axe of flaming
Armour
 i - a +0 pair of boots (worn)
 n - a +0 crystal plate armour (worn)
 s - a +2 helmet
Jewellery
 d - a ring of resist corrosion (left hand)
 m - a ring of ice
 t - a ring of magical power
Scrolls
 a - 4 scrolls of silence {unknown}
 b - 3 scrolls of identify
 g - a scroll of enchant armour {unknown}
 o - a scroll of teleportation
 r - a scroll of noise {unknown}
Potions
 c - 4 potions of might
 f - a potion of resistance
 h - a potion of haste
 k - a potion of cancellation {unknown}
 l - a potion of curing
 q - a potion of heal wounds {unknown}

Dungeon Overview and Level Annotations

Branches:
Dungeon (7/15)             Temple (0/1) D:7

Altars:
Gozag
Vehumet

Shops:
D:7 :

Annotations:
D:4 1 runed translucent door, qw's ghost, amateur MiBe


Message History

You closely miss the wight. You barely miss the wight.
The wight hits you but does no damage.
You barely miss the wight. You tail-slap the wight.
The wight is lightly damaged.
You hit the wight but do no damage. x2
The wight hits you with a +2 dire flail of freezing.
You feel drained. The wight freezes you.
The wight hits you but does no damage. x2
You hit the wight but do no damage.
You tail-slap the wight, but do no damage.
The wight is lightly damaged.
You slash the wight! You closely miss the wight.
The wight hits you but does no damage. x3
You slash the wight!
Your tail-slap misses the wight.
The wight is severely damaged.
You closely miss the wight. You hit the wight but do no damage.
The wight hits you with a +0 great sword!
You feel drained.
The wight hits you but does no damage. x2
7858 ||| INVOKING Fiery Armour.
A protective cloak of flame settles atop you.
The wight hits you but does no damage. x3
You closely miss the wight.
The wight is severely damaged.
You barely miss the wight. x2
The wight hits you with a +0 great sword!
The wight is burned by your cloak of flames.
The wight is moderately damaged.
The wight hits you but does no damage.
The wight is burned by your cloak of flames.
The wight is moderately damaged.
The wight hits you but does no damage.
The wight is burned by your cloak of flames.
The wight is almost destroyed.
7860 ||| READING 2 scrolls of teleportation.
As you read the scroll of teleportation, it crumbles to dust.
You feel strangely unstable. The wight hits you but does no damage.
The wight is burned by your cloak of flames.
The wight is heavily damaged.
The wight hits you with a +0 great sword!
You die...

##....##.......#.....
#..............#.....
#..............#.....
#..............#.....
#.....##.......######
#.....##.......#.....
####'###.......#.....
#####....##.......#.....
(.....z@..........#.....
......zz..........'.....
.....:............#.....
###################.....
######


You could see 3 wights.

Vanquished Creatures
  Duvessa (D:7)
  3 black bears
  2 ogres
  2 centaurs (D:5)
  A phantom (D:5)
  A necrophage (D:4)
  3 bullfrogs
  3 scorpions
  A wight (D:7)
  Dowan (D:7)
  4 killer bees (D:7)
  A howler monkey (D:6)
  A jelly (D:5)
  A hound (D:5)
  2 iguanas
  An orc wizard (D:4)
  5 adders
  A shadow imp (D:5)
  2 ufetubi
  2 worms (D:2)
  3 dart slugs
  11 orcs
  14 endoplasms
  2 giant cockroaches
  7 goblins
  3 hobgoblins (D:4)
  2 jackals (D:1)
  5 quokkas
  6 ball pythons
  A bat (D:2)
  8 kobolds
  5 rats
105 creatures vanquished.

Vanquished Creatures (others)
  A fungus (D:3)
  5 toadstools (D:3)
  2 withered plants (D:4)
8 creatures vanquished.

Grand Total: 113 creatures vanquished

Notes
Turn   | Place    | Note
-------+----------+-------------------------------------------
     0 | D:1      | qw the Demonspawn Cinder Acolyte began the quest for the
                  | Orb.
     0 | D:1      | Reached XP level 1. HP: 18/18 MP: 2/2
     0 | D:1      | 0 ||| qw: Version: 0.1-a-113-g051387a
     0 | D:1      | 0 ||| qw: Game counter: 7105
     0 | D:1      | 0 ||| qw: Always use a shield: true
     0 | D:1      | 0 ||| qw: God list: Okawaru
     0 | D:1      | 0 ||| qw: Allow faded altars: false
     0 | D:1      | 0 ||| qw: Do Orc after D:15 true
     0 | D:1      | 0 ||| qw: Do second Lair branch before Depths: true
     0 | D:1      | 0 ||| qw: Lair rune preference: random
     0 | D:1      | 0 ||| qw: Plans: Normal
     0 | D:1      | 0 ||| PLANNING D:1-11
     1 | D:1      | You fall into a shaft and drop 1 floor!
     4 | D:2      | 4 ||| Stepping ~*~*~tactically~*~*~ (hiding).
    28 | D:2      | 28 ||| Stepping ~*~*~tactically~*~*~ (stealth).
    32 | D:2      | Reached skill level 3 in Axes
    41 | D:2      | HP: 3/18 [worm (9)]
    42 | D:2      | 42 ||| INVOKING Fiery Armour.
   253 | D:2      | 253 ||| Stepping ~*~*~tactically~*~*~ (stealth).
   303 | D:2      | Gained mutation: You regenerate a little health from kills.
                  | [demonic ancestry]
   303 | D:2      | Reached XP level 2. HP: 17/24 MP: 3/3
   305 | D:2      | 305 ||| Stepping ~*~*~tactically~*~*~ (stealth).
   306 | D:2      | 306 ||| Stepping ~*~*~tactically~*~*~ (stealth).
   408 | D:2      | HP: 6/24 [poisoned by an adder]
   411 | D:2      | 411 ||| Stepping ~*~*~tactically~*~*~ (stealth).
   412 | D:2      | HP: 2/24 [poisoned by an adder]
   415 | D:2      | 415 ||| Stepping ~*~*~tactically~*~*~ (stealth).
   416 | D:2      | 416 ||| INVOKING Fiery Armour.
   419 | D:2      | HP: 1/24 [rat (1)]
   806 | D:2      | 806 ||| Stepping ~*~*~tactically~*~*~ (stealth).
   807 | D:2      | 807 ||| Stepping ~*~*~tactically~*~*~ (stealth).
  1075 | D:2      | Reached skill level 4 in Axes
  1075 | D:2      | Reached XP level 3. HP: 26/29 MP: 4/4
  1201 | D:2      | 1201 ||| UPGRADING to ring of resist corrosion.
  1294 | D:1      | 1294 ||| INVOKING Fiery Armour.
  1299 | D:1      | Reached skill level 1 in Dodging
  1457 | D:1      | Found a faded altar of an unknown god.
  2053 | D:1      | 2053 ||| UPGRADING to +0 ring mail.
  2063 | D:1      | 2063 ||| DROPPING +0 robe.
  2064 | D:1      | 2064 ||| DROPPING ring of wizardry.
  2065 | D:1      | 2065 ||| READING scroll labelled PERGHO FIOBAELI.
  2066 | D:1      | 2066 ||| READING scroll labelled WEBROKE ETUU.
  2067 | D:1      | 2067 ||| READING scroll labelled WINITZURISM.
  2072 | D:1      | 2072 ||| DRINKING 3 fuming white potions.
  2113 | D:2      | 2113 ||| STAIRDANCE
  2129 | D:2      | Reached XP level 4. HP: 26/35 MP: 5/5
  2133 | D:2      | 2133 ||| STAIRDANCE
  2450 | D:2      | 2450 ||| READING scroll labelled XYNUME EVOTRAN.
  2456 | D:3      | 2456 ||| PLANNING SEWER
  2683 | D:3      | 2683 ||| Stepping ~*~*~tactically~*~*~ (stealth).
  3157 | D:3      | 3157 ||| RIP SEWER
  3158 | D:3      | 3158 ||| PLANNING D:1-11
  3400 | D:3      | 3400 ||| UPGRADING to +0 scale mail.
  3410 | D:3      | 3410 ||| DROPPING +0 ring mail.
  3411 | D:3      | 3411 ||| READING 3 scrolls labelled ZATHRO FAFEA.
  3412 | D:3      | 3412 ||| READING 2 scrolls labelled SAJISI FICESCHIDEX.
  3413 | D:3      | 3413 ||| READING scroll labelled ZECSIPN HOAL.
  3414 | D:3      | 3414 ||| DRINKING 2 fuming purple potions.
  3415 | D:3      | 3415 ||| READING 2 scrolls of identify.
  3415 | D:3      | 3415 ||| IDENTIFYING black potion
  3416 | D:3      | 3416 ||| DROPPING potion of flight.
  3417 | D:3      | 3417 ||| DROPPING potion of degeneration.
  3418 | D:3      | 3418 ||| DROPPING scroll of poison.
  3419 | D:3      | 3419 ||| READING scroll of teleportation.
  3740 | D:4      | 3740 ||| Stepping ~*~*~tactically~*~*~ (stealth).
  3741 | D:4      | 3741 ||| Stepping ~*~*~tactically~*~*~ (stealth).
  3752 | D:4      | 3752 ||| INVOKING Fiery Armour.
  3752 | D:4      | HP: 1/35 [orc/+0 war axe (8)]
  3756 | D:4      | Reached skill level 1 in Armour
  3756 | D:4      | Gained mutation: When seriously injured, your blood forms
                  | armour. (AC +9) [demonic ancestry]
  3756 | D:4      | Reached XP level 5. HP: 5/41 MP: 6/6
  4035 | D:4      | 4035 ||| SWAPPING to +0 war axe.
  4155 | D:4      | Reached skill level 5 in Axes
  4292 | D:4      | Found a runed translucent door.
  4519 | D:4      | 4519 ||| Stepping ~*~*~tactically~*~*~ (hiding).
  4557 | D:4      | Noticed qw's ghost (amateur MiBe)
  4659 | D:4      | 4659 ||| DRINKING 2 purple potions.
  4705 | D:4      | 4705 ||| DROPPING potion of lignification.
  4733 | D:5      | Entered Level 5 of the Dungeon
  4739 | D:5      | 4739 ||| STAIRDANCE
  4861 | D:5      | Noticed a black bear
  4862 | D:5      | 4862 ||| Stepping ~*~*~tactically~*~*~ (stealth).
  4870 | D:5      | Reached skill level 1 in Throwing
  4885 | D:5      | 4885 ||| FLEEEEING.
  4887 | D:5      | 4887 ||| FLEEEEING.
  4888 | D:5      | 4888 ||| FLEEEEING.
  4889 | D:5      | 4889 ||| FLEEEEING.
  4890 | D:5      | 4890 ||| FLEEEEING.
  4891 | D:5      | 4891 ||| STAIRDANCE
  5005 | D:4      | 5005 ||| UPGRADING to +0 chain mail.
  5015 | D:4      | 5015 ||| DROPPING +0 scale mail.
  5053 | D:5      | Killed a black bear
  5054 | D:5      | Gained mutation: You have a small tail. [demonic ancestry]
  5054 | D:5      | Reached XP level 6. HP: 26/47 MP: 7/7
  5054 | D:5      | 5054 ||| STAIRDANCE
  5244 | D:5      | Reached skill level 6 in Axes
  5244 | D:5      | 5244 ||| STAIRDANCE
  5529 | D:5      | Reached XP level 7. HP: 53/53 MP: 8/8
  5575 | D:5      | 5575 ||| Stepping ~*~*~tactically~*~*~ (hiding).
  5580 | D:5      | 5580 ||| INVOKING Fiery Armour.
  5794 | D:5      | Found a radiant altar of Vehumet.
  5861 | D:5      | 5861 ||| Stepping ~*~*~tactically~*~*~ (hiding).
  5862 | D:5      | 5862 ||| Stepping ~*~*~tactically~*~*~ (hiding).
  6272 | D:5      | 6272 ||| UPGRADING to +0 crystal plate armour.
  6282 | D:5      | 6282 ||| DROPPING +0 chain mail.
  6283 | D:5      | 6283 ||| READING scroll labelled NATSAO CUENT.
  6284 | D:5      | 6284 ||| READING scroll labelled ZEB MALABRIEPRA.
  6285 | D:5      | 6285 ||| DRINKING 2 viscous purple potions.
  6286 | D:5      | 6286 ||| READING 3 scrolls of identify.
  6286 | D:5      | 6286 ||| IDENTIFYING glowing pink potion
  6287 | D:5      | 6287 ||| READING 2 scrolls of identify.
  6287 | D:5      | 6287 ||| IDENTIFYING clear potion
  6288 | D:5      | 6288 ||| DROPPING potion of ambrosia.
  6356 | D:6      | Reached skill level 3 in Armour
  6755 | D:6      | Found an opulent altar of Gozag.
  6897 | D:6      | Gained mutation: When seriously injured, your blood forms
                  | thick armour. (AC +9) [demonic ancestry]
  6897 | D:6      | Reached XP level 8. HP: 55/61 MP: 9/9
  6979 | D:6      | 6979 ||| STAIRDANCE
  6985 | D:5      | 6985 ||| UPGRADING to +0 pair of boots.
  6990 | D:5      | 6990 ||| READING scroll labelled TEAQAI KOIPS.
  6991 | D:5      | 6991 ||| READING scroll labelled ATTAOD JIRUCUO.
  6992 | D:5      | 6992 ||| READING 3 scrolls of identify.
  6992 | D:5      | 6992 ||| IDENTIFYING metallic cyan potion
  6993 | D:5      | 6993 ||| READING 2 scrolls of identify.
  6993 | D:5      | 6993 ||| IDENTIFYING amethyst potion
  6994 | D:5      | 6994 ||| DROPPING potion of invisibility.
  6999 | D:6      | 6999 ||| INVOKING Fiery Armour.
  7001 | D:6      | Reached skill level 7 in Axes
  7001 | D:6      | 7001 ||| STAIRDANCE
  7276 | D:7      | Found a staircase to the Ecumenical Temple.
  7351 | D:7      | Found Xodiemimn's Book Boutique.
  7386 | D:7      | 7386 ||| INVOKING Fiery Armour.
  7387 | D:7      | HP: 11/61 [poisoned by a killer bee]
  7388 | D:7      | 7388 ||| READING 3 scrolls of teleportation.
  7388 | D:7      | HP: 1/61 [killer bee (7)]
  7389 | D:7      | 7389 ||| DRINKING 2 potions of curing.
  7389 | D:7      | 7389 ||| (to cure poison)
  7617 | D:7      | Reached skill level 8 in Axes
  7641 | D:7      | Noticed Dowan
  7642 | D:7      | Noticed Duvessa
  7643 | D:7      | 7643 ||| INVOKING Fiery Armour.
  7656 | D:7      | Killed Duvessa
  7663 | D:7      | Killed Dowan
  7814 | D:7      | 7814 ||| Stepping ~*~*~tactically~*~*~ (stealth).
  7858 | D:7      | 7858 ||| INVOKING Fiery Armour.
  7859 | D:7      | HP: 4/57 [wight/+0 great sword (13)]
  7860 | D:7      | 7860 ||| READING 2 scrolls of teleportation.
  7860 | D:7      | Slain by a wight

Levels and vault maps discovered:
D:1:      beargit_arrival_diablo_church, layout_basic,
          ebering_ecumenical_altar_abandoned
D:2:      layout_rooms, chequers_garden, grunt_ministairs_7,
          reono_crystal_passage
D:3:      layout_basic, portal_sewer_entry_f, minmay_gold_behind_fungi,
          chequers_serial_rivers_large_a
D:4:      layout_loops_ring, gammafunk_ghost_grave
D:5:      layout_cave_pools, mainiacjoe_overflow_cross_hatched
D:6:      layout_basic, general_overflow_altar
D:7:      layout_gridville, minmay_temple_entry_large_hall, serial_shops,
          nicolae_stop_n_shop_2, uniq_duvessa

Skill      XL: |  1  2  3  4  5  6  7  8 |
---------------+-------------------------+-----
Axes           | 3 4 5 6 8 |  8.2
Dodging        | 1 |  1.0
Armour         | 1 2 4 5 |  5.1
Throwing       | 1 2 |  2.4
Fighting       | 4 |  4.8
Spellcasting   | |  1.0
Fire Magic     | |  2.6

Action                   |  1- 3 |  4- 6 |  7- 9 || total
-------------------------+-------+-------+-------++-------
Melee: Hand axe          |   116 |   105 |       ||   221
       Punch             |     2 |     1 |       ||     3
       War axe           |       |    47 |    90 ||   137
       Tailslap          |       |     1 |    17 ||    18
Throw: Javelin           |       |    26 |    15 ||    41
Invok: Fiery Armour      |     3 |     1 |     5 ||     9
  Use: Scroll            |     3 |     6 |    10 ||    19
       Potion            |     1 |     2 |     2 ||     5
Armor: Robe              |    15 |       |       ||    15
       Ring mail         |     6 |    20 |       ||    26
       Scale mail        |       |    25 |       ||    25
       Chain mail        |       |    19 |    15 ||    34
       Crystal plate arm |       |       |   124 ||   124
Dodge: Dodged            |    60 |    64 |    13 ||   137

Table legend:
 A = Non-vault XP
 B = Vault XP
 C = Vault XP percentage of total XP
 D = Non-vault monster count
 E = Vault monster count
 F = Vault count percentage of total count
                 A         B        C        D         E       F
            +---------+---------+-------+---------+---------+-------
      Total |    2310 |     257 |  10.0 |      97 |       8 |   7.6
            +---------+---------+-------+---------+---------+-------
        D:1 |      23 |      13 |  36.1 |      11 |       1 |   8.3
        D:2 |      65 |      13 |  16.7 |      22 |       1 |   4.3
        D:3 |      30 |       8 |  21.1 |      15 |       4 |  21.1
        D:4 |     162 |       0 |   0.0 |      19 |       0 |   0.0
        D:5 |     784 |       0 |   0.0 |      12 |       0 |   0.0
        D:6 |     608 |       0 |   0.0 |       9 |       0 |   0.0
        D:7 |     638 |     223 |  25.9 |       9 |       2 |  18.2
            +---------+---------+-------+---------+---------+-------
